 Dungeon Crawl Stone Soup version 0.28-a0-1199-gef9e1dbd39 (webtiles) character file.

Game seed: 8659476560629058991

3534 siradein the Fighter (level 10, -5/90 HPs)
             Began as a Hill Orc Fighter on Dec 20, 2021.
             Was a Priest of Beogh.
             Slain by a two-headed ogre (25 damage)
             ... on level 9 of the Dungeon.
             The game lasted 00:25:24 (7030 turns).

siradein the Fighter (Hill Orc Fighter)             Turns: 7030, Time: 00:25:25

Health: -5/90      AC: 19    Str: 22    XL:     10   Next: 8%
Magic:  23/24      EV:  8    Int:  8    God:    Beogh [***...]
Gold:   264        SH:  8    Dex: 12    Spells: 9/9 levels left

rFire   . . .      SeeInvis .   a - +0 long sword
rCold   . . .      Faith    .   q - +2 buckler
rNeg    . . .      Spirit   .   m - +0 chain mail
rPois   .          Reflect  .   (no helmet)
rElec   .          Harm     .   (no cloak)
rCorr   .          Rampage  .   k - +1 pair of gloves
Will    .....                   u - +1 pair of boots {Fly}
Stlth   ..........              j - amulet of regeneration
HPRegen 1.05/turn               v - +4 ring of protection
MPRegen 0.19/turn               x - ring of magical power

@: flying
A: no striking features
a: Renounce Religion, Smiting


You were on level 9 of the Dungeon.
You worshipped Beogh.
Beogh was most pleased with you.
You visited 1 branch of the dungeon, and saw 9 of its levels.

You collected 455 gold pieces.
You spent 191 gold pieces at shops.

Inventory:

Hand Weapons
 a - a +0 long sword (weapon)
Missiles
 c - 19 poisoned darts (quivered)
 p - a throwing net
Armour
 k - a +1 pair of gloves (worn)
 m - a +0 chain mail (worn)
 q - a +2 buckler (worn)
 u - a +1 pair of boots of flying (worn)
Jewellery
 b - an amulet of guardian spirit
 j - an amulet of regeneration (around neck)
 s - a ring of protection from fire
 v - a +4 ring of protection (left hand)
 x - a ring of magical power (right hand)
 z - a ring of magical power
 B - a ring of see invisible
 D - a +6 ring of intelligence
Scrolls
 e - 4 scrolls of fear
 f - a scroll of magic mapping
 l - a scroll of brand weapon {unknown}
 n - a scroll of amnesia {unknown}
 r - a scroll of torment {unknown}
 t - 4 scrolls of blinking {unknown}
 w - 3 scrolls of teleportation
 y - 4 scrolls of fog {unknown}
 A - a scroll of enchant armour {unknown}
Potions
 d - 2 potions of might
 g - 2 potions of attraction
 h - a potion of haste
 i - a potion of ambrosia {unknown}
 o - a potion of mutation {unknown}
 C - a potion of curing {unknown}


   Skills:
 + Level 8.5 Fighting
 + Level 7.3 Long Blades
 + Level 7.8 Armour
 + Level 7.7 Shields
 + Level 7.6 Invocations


You had 9 spell levels left.
You didn't know any spells.
Your spell library contained the following spells:

 Spells                   Type           Power      Damage    Failure   Level
 Blink                    Tloc           0%         N/A       99%         2
 Frozen Ramparts          Ice            0%         1d2       100%        3
 Ice Form                 Ice/Tmut       0%         N/A       100%        4
 Summon Ice Beast         Ice/Summ       0%         N/A       100%        4
 Manifold Assault         Tloc           0%         N/A       100%        5
 Summon Forest            Summ/Tloc      0%         N/A       100%        5
 Eringya's Noxious Bog    Tmut/Pois      0%         N/A       100%        6
 Storm Form               Tmut/Air       0%         N/A       100%        7
 Summon Hydra             Summ           0%         N/A       100%        7


Dungeon Overview and Level Annotations

Branches:
Dungeon (9/15)             Temple (0/1) D:5             Orc (0/2) D:9
   Lair: D:8-11

Altars:

Shops:
D:2 ?   D:3 :   D:4 [

Annotations:
D:7 3 runed translucent doors, lonewolfV2's ghost, novice MiFi


Message History

The two-headed ogre is heavily wounded.
The centaur hits you but does no damage.
The centaur kicks you but does no damage.
You block the centaur's attack. x2
You barely miss the two-headed ogre.
The two-headed ogre is heavily wounded.
You block the two-headed ogre's attack. The two-headed ogre barely misses you.
The centaur hits you.
The centaur kicks you but does no damage.
You hit the two-headed ogre but do no damage.
The two-headed ogre is heavily wounded.
The centaur misses you.
The centaur kicks you but does no damage.
The two-headed ogre hits you with a +0 giant spiked club!!
The two-headed ogre hits you with a +0 giant club!
* * * LOW HITPOINT WARNING * * *
You block the centaur's attack.
The centaur kicks you but does no damage.
You swap places.
Your orc warrior hits the two-headed ogre with a +0 club!
The centaur wields a +0 shortbow.
The centaur shoots an arrow.
The arrow hits your orc warrior!
The two-headed ogre hits your orc warrior with a +0 giant spiked club!!
Your orc warrior dies!
You see here a wyvern corpse.
The centaur shoots an arrow.
The arrow hits you but does no damage.
Things that are here:
a yak corpse; a yak corpse; a yak corpse The centaur shoots an arrow.
The arrow hits you!
* * * LOW HITPOINT WARNING * * *
There is an open door, spattered with blood here.
The centaur shoots an arrow.
The arrow hits you but does no damage.
The centaur shoots an arrow.
The arrow hits you but does no damage.
There is an open door, spattered with blood here.
Things that are here:
a yak corpse; a yak corpse; a yak corpse You hit the two-headed ogre.
The two-headed ogre is severely wounded.
The two-headed ogre hits you with a +0 giant spiked club!!
You die...

... ..
########## ..
#......... .###
#......... .$#
#......... #.#
#.<.......
#.###.........
#cO@'.........
#o###.........
#.# ####+#####
#)# #..O..#
.....8o....
#...........#
.)............#
..8...)>)...8..


You could see a two-headed ogre, an orc warrior and a centaur.

Vanquished Creatures
  A troll (D:7)
  5 yaks (D:9)
  2 water moccasins
  An orc warrior (D:8)
  2 centaurs (D:8)
  2 ogres (D:5)
  4 phantoms
  3 bullfrogs
  2 scorpions
  A jelly (D:4)
  A killer bee (D:9)
  5 wights (D:8)
  2 howler monkeys (D:7)
  A centaur zombie (D:5)
  3 bullfrog skeletons
  3 orc priests
  2 gnoll shamans
  2 hounds
  A centaur skeleton (D:5)
  3 iguanas
  An orc wizard (D:3)
  A killer bee zombie (D:6)
  A hound zombie (D:5)
  3 hound skeletons (D:4)
  12 gnolls
  6 adders
  A white imp (D:5)
  2 ufetubi
  An adder skeleton (D:4)
  2 worms (D:2)
  A dart slug (D:5)
  31 orcs
  14 endoplasms
  4 giant cockroaches
  9 goblins
  5 hobgoblins
  5 jackals
  5 kobolds
  5 quokkas
  3 ball pythons
  9 bats
  5 frilled lizards
  4 rats
176 creatures vanquished.

Vanquished Creatures (collateral kills)
  A wyvern (D:9)
  2 orcs (D:9)
3 creatures vanquished.

Vanquished Creatures (others)
  2 orc warriors (D:9)
  4 orcs
6 creatures vanquished.

Grand Total: 185 creatures vanquished

Notes
Turn   | Place    | Note
-------+----------+-------------------------------------------
     0 | D:1      | siradein the Hill Orc Fighter began the quest for the Orb.
     0 | D:1      | Reached XP level 1. HP: 19/19 MP: 1/1
   211 | D:1      | Reached XP level 2. HP: 24/27 MP: 2/2
   737 | D:1      | Reached skill level 4 in Fighting
   951 | D:1      | Reached XP level 3. HP: 28/30 MP: 3/3
  1497 | D:2      | Found Zoepn's Magic Scroll Emporium.
  1673 | D:2      | Bought a scroll of identify for 26 gold pieces
  1777 | D:2      | Reached XP level 4. HP: 40/40 MP: 4/4
  1902 | D:2      | Found a faded altar of an unknown god.
  2230 | D:2      | Noticed a scorpion
  2252 | D:2      | Killed a scorpion
  2253 | D:2      | Reached XP level 5. HP: 20/47 MP: 5/5
  2456 | D:3      | Became a worshipper of Beogh the Brigand
  2517 | D:3      | Found Aplinau's Book Shop.
  2735 | D:3      | Reached skill level 1 in Invocations
  2735 | D:3      | Reached XP level 6. HP: 49/55 MP: 6/6
  2739 | D:3      | Reached skill level 5 in Fighting
  2786 | D:3      | You fall into a shaft and drop 2 floors!
  2786 | D:5      | Entered Level 5 of the Dungeon
  2947 | D:5      | Reached * piety under Beogh
  3108 | D:4      | Reached XP level 7. HP: 61/61 MP: 8/8
  3551 | D:4      | Reached skill level 5 in Armour
  3551 | D:4      | Reached skill level 5 in Shields
  3750 | D:4      | Found Zihil's Armour Shop.
  3759 | D:4      | Bought a +1 pair of boots of flying for 165 gold pieces
  4073 | D:5      | Reached ** piety under Beogh
  4109 | D:5      | Reached skill level 6 in Fighting
  4253 | D:5      | Reached skill level 5 in Long Blades
  4253 | D:5      | Reached XP level 8. HP: 70/70 MP: 9/11
  4295 | D:5      | Found a staircase to the Ecumenical Temple.
  5371 | D:7      | Found a runed translucent gate.
  5371 | D:7      | Noticed a skeletal warrior
  5372 | D:7      | Found a runed translucent gate.
  5378 | D:7      | Noticed a slime creature
  5379 | D:7      | Noticed lonewolfV2's ghost (novice MiFi)
  5438 | D:7      | Noticed a troll
  5459 | D:7      | Killed a troll
  5460 | D:7      | Reached skill level 7 in Fighting
  5460 | D:7      | Reached skill level 5 in Invocations
  5636 | D:7      | Reached XP level 9. HP: 75/79 MP: 13/13
  5665 | D:7      | Found a runed translucent gate.
  5765 | D:7      | Identified the +9 flail of Ikam {freeze, Fragile Fly Int+3
                  | SInv}
  6399 | D:8      | Reached *** piety under Beogh
  6920 | D:9      | Reached skill level 8 in Fighting
  6960 | D:9      | Reached XP level 10. HP: 41/90 MP: 15/15
  6966 | D:9      | Found a staircase to the Orcish Mines.
  7006 | D:9      | Noticed a two-headed ogre
  7030 | D:9      | Slain by a two-headed ogre

Illustrated notes

Levels and vault maps discovered:
D:1:      co_arrival_square_in_a_square_in_a_square, layout_basic
D:2:      layout_loops_ring, serial_shops, nicolae_square_shop,
          nicolae_ecumenical_oubliette, minmay_nonomino_d4
D:3:      layout_basic, serial_shops, shop, item_on_display_a
D:4:      layout_gridville, serial_shops, nicolae_diamond_shop
D:5:      layout_loops_ring, minmay_temple_entry_drinking_statues, minivault_24
D:6:      layout_rooms
D:7:      layout_loops_ring, gammafunk_ghost_split
D:8:      layout_basic, minitemple
D:9:      layout_roguey, david_orc_2, hex_tiny

Skill      XL: |  1  2  3  4  5  6  7  8  9 |
---------------+----------------------------+-----
Fighting       | 4 5 6 7 8 |  8.5
Long Blades    | 3 4 5 6 7 |  7.3
Armour         | 4 5 6 7 |  7.8
Shields        | 4 5 6 7 |  7.7
Invocations    | 1 2 4 5 7 |  7.6

Action                   |  1- 3 |  4- 6 |  7- 9 | 10-12 || total
-------------------------+-------+-------+-------+-------++-------
Melee: Long sword        |   116 |   207 |   524 |    21 ||   868
Invok: Convert to Beogh  |       |     1 |       |       ||     1
       Smiting           |       |       |       |     1 ||     1
  Use: Scroll            |     1 |     2 |     3 |       ||     6
Armor: Scale mail        |    40 |    51 |       |       ||    91
       Chain mail        |       |    56 |   291 |    29 ||   376
Dodge: Dodged            |    43 |    86 |   183 |    12 ||   324
Block: Buckler           |    23 |    64 |   212 |    12 ||   311

Table legend: (Time is in decaauts)
 A = Elapsed time spent in this place.
 B = Non-inter-level travel time spent in this place.
 C = Inter-level travel time spent in this place.
 D = Time resting spent in this place.
 E = Time spent auto-exploring this place.
 F = Levels seen in this place.
 G = Mean time per level.
                   A        B        C        D        E       F      G
               +--------+--------+--------+--------+--------+-----+--------+
         Total |   7170 |   7015 |    155 |    144 |   4863 |   9 |  796.7 |
       Dungeon |   7170 |   7015 |    155 |    144 |   4863 |   9 |  796.7 |
               +--------+--------+--------+--------+--------+-----+--------+

Top non-repeatable levels by time:
     D:1: 1522 daAuts
     D:5: 1019 daAuts
     D:7: 875 daAuts
     D:2: 874 daAuts
     D:4: 742 daAuts
     D:8: 669 daAuts
     D:6: 660 daAuts
     D:3: 659 daAuts
     D:9: 147 daAuts
